 Dungeon Crawl Stone Soup version 0.31.0-9-g3a7656b989 (webtiles) character file.

Game seed: 6896855906681692786

3103 qw the Skirmisher (level 9, -6/75 HPs)
             Began as a Demigod Hunter on Feb 2, 2024.
             Mangled by an orc warrior
             ... wielding a +0 scimitar
              (7 damage)
             ... on level 8 of the Dungeon.
             The game lasted 00:00:30 (7089 turns).

qw the Skirmisher (Demigod Hunter)                  Turns: 7089, Time: 00:00:30

Health: -6/75      AC:  7    Str: 12    XL:     9   Next: 34%
Magic:  11/11      EV: 23    Int: 11    God:
Gold:   929        SH:  0    Dex: 29    Spells: 8/8 levels left

rFire   + . .        m - +2 orcbow
rCold   + . .        (shield currently unavailable)
rNeg    . . .        f - +0 robe {rC+ rF+}
rPois   .            j - +0 helmet
rElec   .            l - +1 cloak
rCorr   .            b - +0 pair of gloves
SInv    .            h - +0 pair of boots
Will    .....        (no amulet)
Stlth   ++           n - +5 ring of evasion
HPRegen 0.32/turn    (no ring)
MPRegen 0.12/turn

%: no passive effects
@: about to teleport
A: high MP 1, forlorn, divine attributes
a: no special abilities


You were on level 8 of the Dungeon.
You visited 1 branch of the dungeon, and saw 8 of its levels.

You collected 974 gold pieces.
You spent 45 gold pieces at shops.


Innate Abilities, Weirdness & Mutations

You have an increased reservoir of magic. (+10% MP)
You shall have no god before yourself.
Your divine heritage dramatically boosts your attributes as you level up.


   Skills:
 + Level 5.7 Fighting
 - Level 10.0 Ranged Weapons
 - Level 2.0 Armour
 - Level 6.0 Dodging
 - Level 0.8 Stealth


You had 8 spell levels left.
You didn't know any spells.
Your spell library was empty.

Inventory:

Hand Weapons
 m - a +2 orcbow (weapon)
Armour
 b - a +0 pair of gloves (worn)
 f - a +0 robe of resistance (worn)
 h - a +0 pair of boots (worn)
 j - a +0 helmet (worn)
 k - +0 steam dragon scales
 l - a +1 cloak (worn)
Jewellery
 c - a ring of ice
 n - a +5 ring of evasion (left hand)
Wands
 a - a wand of digging (13)
 q - a wand of roots (9)
 s - a wand of paralysis (5)
Scrolls
 d - a scroll of identify
 o - 2 scrolls of teleportation
 p - a scroll of poison {unknown}
 r - a scroll of revelation {unknown}
Potions
 e - a potion of mutation
 g - a potion of brilliance {unknown}
 i - a potion of might

Dungeon Overview and Level Annotations

Branches:
Dungeon (8/15)             Temple (0/1) D:5
   Lair: D:8-11

Shops:
D:5 (   D:7 :


Message History

You shoot an arrow. The arrow hits the orc warrior!
The orc warrior is moderately wounded.
You shoot an arrow.
The arrow hits the orc warrior but does no damage.
The orc warrior is moderately wounded.
You hear a shout!
The orc warrior misses you. The orc completely misses you.
You hear a shout!
You shoot an arrow. The arrow hits the orc warrior!
The orc warrior is heavily wounded.
You hear a shout!
The orc warrior misses you. The orc misses you.
You shoot an arrow.
The arrow hits the orc warrior but does no damage.
The orc warrior is heavily wounded.
The orc warrior hits you with a +2 battleaxe of electrocution!!
You are electrocuted!!
The orc completely misses you.
You shoot an arrow.
The arrow barely misses the orc warrior.
The orc warrior closely misses you. The orc closely misses you.
You shoot an arrow.
The arrow hits the orc warrior but does no damage.
The orc warrior is heavily wounded.
The orc warrior completely misses you.
Enter note:
Enter note:
Enter note:
Enter note: You shoot an arrow.
The arrow closely misses the orc warrior.
The arrow hits the orc warrior.
The orc warrior is lightly wounded.
The orc warrior hits you with a +2 battleaxe of electrocution!
You are electrocuted!!
7089 ||| READING 3 scrolls of teleportation.
As you read the scroll of teleportation, it crumbles to dust.
You feel strangely unstable. The orc warrior completely misses you.
The orc warrior hits you with a +0 scimitar!
You die...

.# #####.....##.......
.# #.......####.....##
[# #.......# #.....# ##
#######......####.....#
#ooooo#......'........#
#ooooo#......##########
ooooo#......#
o_o#......#
######.#@######
#.....ooo# #.......o#
#........# #........#
##########


You could see 3 orc warriors and an orc.

Vanquished Creatures
  A hornet (D:7)
  A wyvern (D:8)
  A steam dragon (D:7)
  2 orc warriors (D:8)
  A sky beast (D:8)
  A black bear (D:4)
  An ice beast (D:8)
  A phantom (D:6)
  2 bullfrogs
  A scorpion (D:7)
  A gnoll sergeant (D:7)
  16 wights
  3 bombardier beetles
  5 hounds
  2 gnoll boudas
  5 jellies
  4 iguanas
  A sleepcap (D:4)
  4 orc wizards
  7 adders
  13 gnolls
  2 shadow imps (D:6)
  A white imp (D:7)
  2 ufetubi (D:4)
  A ribbon worm (D:2)
  18 orcs
  11 ball pythons
  11 endoplasms
  A giant cockroach (D:1)
  6 goblins
  8 hobgoblins
  4 quokkas
  7 bats (D:1)
  3 frilled lizards
  5 kobolds
  3 rats
156 creatures vanquished.

Notes
Turn   | Place    | Note
-------+----------+-------------------------------------------
     0 | D:1      | qw the Demigod Hunter began the quest for the Orb.
     0 | D:1      | Reached XP level 1. HP: 17/17 MP: 3/3
     0 | D:1      | 0 ||| qw: Version: 0.3-a-155-g5e7d8dd
     0 | D:1      | 0 ||| qw: Game counter: 68
     0 | D:1      | 0 ||| qw: Melee chars always use a shield: true
     0 | D:1      | 0 ||| qw: God list: Okawaru
     0 | D:1      | 0 ||| qw: Allow faded altars: false
     0 | D:1      | 0 ||| qw: Do Orc after clearing Dungeon:15 true
     0 | D:1      | 0 ||| qw: Do second Lair branch before Depths: true
     0 | D:1      | 0 ||| qw: Lair rune preference: random
     0 | D:1      | 0 ||| qw: Goals: Normal
     0 | D:1      | 0 ||| PLANNING D:1-11
   100 | D:1      | Reached skill level 4 in Ranged Weapons
   187 | D:1      | Reached XP level 2. HP: 24/24 MP: 4/4
   816 | D:1      | 816 ||| UPGRADING to +0 ring mail.
   826 | D:1      | 826 ||| DROPPING +0 leather armour.
   827 | D:1      | 827 ||| READING scroll labelled GYMOLU DEIL.
   827 | D:1      | 827 ||| ENCHANTING +0 shortbow.
   828 | D:1      | 828 ||| DROPPING scroll of butterflies.
   972 | D:2      | Reached XP level 3. HP: 29/29 MP: 5/5
  1409 | D:2      | 1409 ||| READING 2 scrolls labelled XYTAOV VUEWN.
  1409 | D:2      | 1409 ||| IDENTIFYING red potion
  1410 | D:2      | 1410 ||| READING scroll of identify.
  1410 | D:2      | 1410 ||| IDENTIFYING inky potion
  1411 | D:2      | 1411 ||| READING scroll labelled BAUCENEIZY.
  1412 | D:2      | 1412 ||| READING scroll labelled OTEAKAEHAL.
  1416 | D:2      | 1416 ||| DROPPING potion of degeneration.
  1417 | D:2      | 1417 ||| DROPPING potion of magic.
  1608 | D:3      | Reached skill level 5 in Ranged Weapons
  2105 | D:3      | 2105 ||| UPGRADING to +0 robe of resistance.
  2115 | D:3      | 2115 ||| READING 2 scrolls of identify.
  2115 | D:3      | 2115 ||| IDENTIFYING black potion
  2116 | D:3      | 2116 ||| READING scroll of identify.
  2116 | D:3      | 2116 ||| IDENTIFYING clear potion
  2117 | D:3      | 2117 ||| READING scroll labelled GAOTOS PISO.
  2118 | D:3      | 2118 ||| READING scroll labelled NIUGOI ZOEJE.
  2119 | D:3      | 2119 ||| DRINKING 2 ruby potions.
  2120 | D:3      | 2120 ||| DROPPING potion of attraction.
  2121 | D:3      | 2121 ||| DROPPING potion of ambrosia.
  2147 | D:4      | Reached XP level 4. HP: 27/36 MP: 6/6
  2552 | D:4      | Reached skill level 6 in Ranged Weapons
  2552 | D:4      | Reached XP level 5. HP: 29/41 MP: 7/7
  2563 | D:4      | HP: 10/41 [burnt (2)]
  2719 | D:4      | Noticed a black bear
  2729 | D:4      | Killed a black bear
  2730 | D:4      | Reached skill level 3 in Fighting
  2922 | D:4      | Reached XP level 6. HP: 51/51 MP: 8/8
  3029 | D:4      | Reached skill level 3 in Dodging
  3202 | D:4      | 3202 ||| UPGRADING to +0 pair of gloves.
  3207 | D:4      | 3207 ||| UPGRADING to +0 pair of boots.
  3212 | D:4      | 3212 ||| READING scroll of identify.
  3212 | D:4      | 3212 ||| IDENTIFYING metallic dark potion
  3233 | D:5      | Entered Level 5 of the Dungeon
  3236 | D:5      | 3236 ||| STAIRDANCE
  3328 | D:5      | 3328 ||| STAIRDANCE
  3794 | D:5      | Reached skill level 7 in Ranged Weapons
  3826 | D:5      | Reached XP level 7. HP: 57/57 MP: 9/9
  3912 | D:5      | Found Veguts's Weapon Emporium.
  3917 | D:5      | 3917 ||| BUYING +0 orcbow (45 gold).
  3917 | D:5      | Bought a +0 orcbow for 45 gold pieces
  3917 | D:5      | 3917 ||| SWAPPING to +0 orcbow.
  3918 | D:5      | 3918 ||| DROPPING +0 shortbow.
  3943 | D:5      | Found a staircase to the Ecumenical Temple.
  3980 | D:5      | 3980 ||| READING scroll of identify.
  3980 | D:5      | 3980 ||| IDENTIFYING murky amethyst potion
  3981 | D:5      | 3981 ||| READING scroll labelled YSUMODDISKE.
  3981 | D:5      | 3981 ||| ENCHANTING +0 orcbow.
  4253 | D:5      | 4253 ||| DRINKING 2 yellow potions.
  4254 | D:5      | 4254 ||| DROPPING potion of invisibility.
  4461 | D:5      | 4461 ||| DRINKING potion of curing.
  4461 | D:5      | 4461 ||| (to cure confusion)
  4927 | D:6      | HP: 9/57 [gnoll/+2 antimagic spear[a gnoll bouda] (6)]
  5403 | D:6      | 5403 ||| FLEEEEING.
  5405 | D:6      | 5405 ||| FLEEEEING.
  5406 | D:6      | 5406 ||| FLEEEEING.
  5407 | D:6      | 5407 ||| FLEEEEING.
  5497 | D:6      | Reached skill level 8 in Ranged Weapons
  5588 | D:6      | 5588 ||| UPGRADING to +0 helmet.
  5593 | D:6      | 5593 ||| UPGRADING to +1 cloak.
  5598 | D:6      | 5598 ||| READING 2 scrolls of identify.
  5598 | D:6      | 5598 ||| IDENTIFYING glowing emerald potion
  5599 | D:6      | 5599 ||| READING scroll of identify.
  5599 | D:6      | 5599 ||| IDENTIFYING scroll labelled YLETIO ARIWK
  5599 | D:6      | Identified a scroll of acquirement
  5600 | D:6      | 5600 ||| READING scroll of acquirement.
  5600 | D:6      | 5600 ||| ACQUIRING 616 gold pieces
  5600 | D:6      | Acquired 616 gold pieces
  5680 | D:7      | Reached skill level 1 in Armour
  5685 | D:7      | Reached XP level 8. HP: 52/66 MP: 10/10
  5790 | D:7      | 5790 ||| READING scroll of enchant weapon.
  5790 | D:7      | 5790 ||| ENCHANTING +1 orcbow.
  6109 | D:7      | 6109 ||| UPGRADING to +5 ring of evasion.
  6160 | D:7      | Noticed a hornet
  6172 | D:7      | HP: 16/66 [poisoned by a hornet]
  6173 | D:7      | 6173 ||| DRINKING potion of heal wounds.
  6177 | D:7      | Killed a hornet
  6178 | D:7      | Reached skill level 9 in Ranged Weapons
  6180 | D:7      | HP: 16/66 [poisoned by a hornet]
  6513 | D:7      | Found Ycluriy's Book Shoppe.
  6600 | D:7      | 6600 ||| DROPPING +0 ring mail.
  6703 | D:8      | Reached XP level 9. HP: 74/74 MP: 11/11
  6801 | D:8      | Reached skill level 6 in Dodging
  6804 | D:8      | 6804 ||| RETREEEEATING.
  6805 | D:8      | 6805 ||| RETREEEEATING.
  6806 | D:8      | 6806 ||| RETREEEEATING.
  6808 | D:8      | 6808 ||| RETREEEEATING.
  6809 | D:8      | 6809 ||| RETREEEEATING.
  6811 | D:8      | 6811 ||| RETREEEEATING.
  6812 | D:8      | 6812 ||| RETREEEEATING.
  6814 | D:8      | 6814 ||| RETREEEEATING.
  6815 | D:8      | 6815 ||| RETREEEEATING.
  6819 | D:8      | 6819 ||| RETREEEEATING.
  6820 | D:8      | 6820 ||| RETREEEEATING.
  6821 | D:8      | 6821 ||| RETREEEEATING.
  6822 | D:8      | 6822 ||| RETREEEEATING.
  6829 | D:8      | Reached skill level 10 in Ranged Weapons
  7071 | D:8      | 7071 ||| RETREEEEATING.
  7073 | D:8      | 7073 ||| RETREEEEATING.
  7088 | D:8      | HP: 1/75 [orc warrior/+2 battleaxe of electrocution (20)]
  7089 | D:8      | 7089 ||| READING 3 scrolls of teleportation.
  7089 | D:8      | Mangled by an orc warrior

Levels and vault maps discovered:
D:1:      tarquinn_simple_flora_water_c, layout_loops_corners
D:2:      layout_rooms, minmay_misc_feat_columns
D:3:      layout_loops_ring, bloody_makhleb, lemuel_crystal_altar, dk_vineyard_2
D:4:      layout_basic, mainiacjoe_overflow_24_doors,
          minmay_misc_feat_secret_circle, minmay_close_crescents
D:5:      layout_loops_ring, nicolae_ashenzari_skybound, temple_fountains,
          serial_shops, shop, serial_co_window_serial,
          co_window_of_opportunity_a, co_window_paths_b, co_window_corner_a,
          co_window_paths_a, co_window_paths_a, co_window_corner_a,
          co_window_paths_b, co_window_of_opportunity_b, co_window_broadway_b,
          co_window_broadway_c, co_window_broadway_c, co_window_unsneaky_path_c,
          glass_columns_c, glass_columns_a, glass_columns_a, glass_columns_a,
          kennysheep_generic_room_3
D:6:      layout_loops_ring, nicolae_overflow_hidden_temple
D:7:      layout_basic, nicolae_overflow_crystal_walls, serial_shops,
          kennysheep_mini, nicolae_kite_square_tiling_tiny,
          minmay_misc_feat_five
D:8:      layout_basic, nicolae_dithmenos_through_a_glass_darkly, special_room
          [special_room_orc]

Skill      XL: |  1  2  3  4  5  6  7  8  9 |
---------------+----------------------------+-----
Ranged Weapons | 4 5 6 7 8 9 10 | 10.0
Fighting       | 2 3 4 5 |  5.7
Dodging        | 2 3 4 5 6 |  6.0
Armour         | 1 2 |  2.0
Stealth        | |  0.8

Action                     |  1- 3 |  4- 6 |  7- 9 || total
---------------------------+-------+-------+-------++-------
   Fire: Shortbow          |   131 |   136 |     8 ||   275
         Orcbow            |       |       |   267 ||   267
    Use: Scroll            |     9 |     1 |     7 ||    17
         Potion            |     1 |       |     3 ||     4
 Armour: Leather armour    |    11 |       |       ||    11
         Ring mail         |    21 |       |       ||    21
         Robe              |     5 |    48 |    55 ||   108
  Dodge: Dodged            |    46 |    46 |    88 ||   180

Table legend:
 A = Non-vault XP
 B = Vault XP
 C = Vault XP percentage of total XP
 D = Non-vault monster count
 E = Vault monster count
 F = Vault count percentage of total count
                 A         B        C        D         E       F
            +---------+---------+-------+---------+---------+-------
      Total |    4280 |     154 |   3.5 |     151 |       5 |   3.2
            +---------+---------+-------+---------+---------+-------
        D:1 |      39 |       0 |   0.0 |      25 |       0 |   0.0
        D:2 |      37 |       0 |   0.0 |      13 |       0 |   0.0
        D:3 |      30 |       0 |   0.0 |      10 |       0 |   0.0
        D:4 |     486 |       4 |   0.8 |      24 |       3 |  11.1
        D:5 |     411 |      13 |   3.1 |      17 |       1 |   5.6
        D:6 |     515 |       0 |   0.0 |      20 |       0 |   0.0
        D:7 |    1119 |       0 |   0.0 |      17 |       0 |   0.0
        D:8 |    1643 |     137 |   7.7 |      25 |       1 |   3.8
            +---------+---------+-------+---------+---------+-------
